 Dungeon Crawl Stone Soup version 0.21.0-3-g78d12a8 (webtiles) character file.

62834 Jakanory the Severer (level 14, 0/135 HPs)
             Began as a Minotaur Berserker on Jan 10, 2018.
             Was a High Priest of Trog.
             Killed from afar by Arachne (22 damage)
             ... with a poison arrow
             ... on level 2 of the Spider Nest.
             The game lasted 01:24:46 (17885 turns).

Jakanory the Severer (Minotaur Berserker)          Turns: 17885, Time: 01:24:47

Health: 0/135      AC: 29    Str: 28    XL:     14   Next: 65%
Magic:  15/15      EV: 12    Int:  5    God:    Trog [*****.]
Gold:   560        SH: 13    Dex: 15    Spells: 13/13 levels left

rFire    . . .     SeeInvis .   a - +8 broad axe (vamp)
rCold    . . .     Gourm    .   S - +0 shield
rNeg     . . .     Faith    .   p - +4 plate armour of Watchfulness {Dex+5}
rPois    +         Spirit   .   o - +2 hat
rElec    .         Reflect  .   x - +0 cloak
rCorr    .         Harm     .   q - +1 pair of gloves
MR       +++..                  k - +2 pair of boots
Stlth    ..........             (no amulet)
HPRegen  1.32/turn              D - ring of poison resistance
MPRegen  0.14/turn              M - +2 ring of strength

@: lethally poisoned (0 -> 0), very slightly contaminated, regenerating
A: retaliatory headbutt, horns 2
a: Berserk, Trog's Hand, Brothers in Arms, Burn Spellbooks, Renounce Religion


You were on level 2 of the Spider Nest.
You worshipped Trog.
Trog was extremely pleased with you.
You were hungry.

You visited 6 branches of the dungeon, and saw 24 of its levels.
You also visited: Labyrinth.

You collected 1400 gold pieces.
You spent 840 gold pieces at shops.

Inventory:

Hand Weapons
 a - a +8 vampiric broad axe (weapon)
 m - the +4 dagger "Morg" {pain, MR+ Int+5}
   (You found it in a labyrinth)

   In the hands of one skilled in necromantic magic, it inflicts extra damage on
   living creatures.
   It affects your intelligence (+5).
   It affects your resistance to hostile enchantments.
 I - a +4 broad axe of freezing
Missiles
 j - 11 javelins (quivered)
 U - a throwing net
Armour
 k - a +2 pair of boots (worn)
 o - a +2 hat (worn)
 p - the +4 plate armour of Watchfulness (worn) {Dex+5}
   (You bought it in a shop on level 6 of the Dungeon)

   It affects your dexterity (+5).
 q - a +1 pair of gloves (worn)
 x - a +0 cloak (worn)
 E - a +0 plate armour
 S - a +0 shield (worn)
Jewellery
 h - an uncursed ring of fire
 y - the ring "Sur Rasa" {-Tele rC+ Dex+6, unknown}
   (You found it on level 6 of the Lair of Beasts)

   [ring of protection from cold]

   It affects your dexterity (+6).
   It protects you from cold.
   It prevents most forms of teleportation.
 D - a ring of poison resistance (left hand)
 M - a +2 ring of strength (right hand)
 Z - an uncursed ring of fire
Wands
 g - a wand of iceblast (20)
 u - a wand of polymorph (10)
 B - a wand of scattershot (7)
 H - a wand of acid (17)
 J - a wand of flame (73)
 O - a wand of digging (18)
 R - a wand of paralysis (29)
Scrolls
 d - 9 scrolls of identify
 e - 2 scrolls of vulnerability
 i - a scroll of enchant armour
 n - 5 scrolls of remove curse
 r - 3 scrolls of blinking
 v - 2 scrolls of enchant weapon
 F - a scroll of silence {unknown}
 K - 6 scrolls of teleportation
 N - a scroll of summoning {unknown}
 P - a scroll of brand weapon {unknown}
 W - 2 scrolls of magic mapping
Potions
 b - a potion of resistance {unknown}
 f - 5 potions of mutation
 l - 5 potions of agility
 s - a potion of ambrosia
 t - 2 potions of haste
 w - a potion of invisibility
 z - 7 potions of brilliance
 A - 7 potions of curing
 C - a potion of heal wounds
 G - a potion of lignification
 L - a potion of magic
 T - 2 potions of degeneration
 Y - 2 potions of might
Miscellaneous
 Q - a sack of spiders
 V - a lamp of fire
Comestibles
 c - 22 rations
 X - a chunk of flesh


   Skills:
 - Level 15.0 Fighting
 - Level 18.0 Axes
 - Level 1.3 Throwing
 - Level 13.5 Armour
 - Level 8.0 Dodging
 + Level 10.4 Shields
 - Level 2.7 Unarmed Combat
 - Level 3.2 Evocations


You had 13 spell levels left.
You didn't know any spells.

Dungeon Overview and Level Annotations

Branches:
Dungeon (12/15)            Temple (1/1) D:5            Lair (6/6) D:9
  Swamp (1/4) Lair:4       Spider (2/4) Lair:2        Slime (0/5) Lair:6
    Orc (2/2) D:9
    Elf: Orc:2

Altars:
Ashenzari
Cheibriados
Dithmenos
Elyvilon
Fedhas
Gozag
Hepliaklqana
Kikubaaqudgha
Makhleb
Nemelex Xobeh
Okawaru
Qazlal
Ru
Sif Muna
Trog
Uskayaw
Vehumet
Wu Jian
Xom
Yredelemnul
Zin
The Shining One
Jiyva

Shops:
D:6 [

Annotations:
D:5 1 runed door
D:12 ghost, HungrySpirit's ghost, journeyman GrWn
Lair:1 fire dragon
Lair:5 exclusion: 3 oklob plants
Lair:6 exclusion: oklob plant
Swamp:1 thorn hunter!
Spider:2 Arachne


Innate Abilities, Weirdness & Mutations

You reflexively headbutt those who attack you in melee.
You have a pair of horns on your head.


Message History

You block the wolf spider's attack. The wolf spider hits you!
* * * LOW HITPOINT WARNING * * *
The wolf spider bites you but does no damage.
You block the demonic crawler's attack. The demonic crawler hits you.
* * * LOW HITPOINT WARNING * * *
The demonic crawler barely misses you.
Blink to where?
Press: ? - help, Dir - move target cursor, p - Arachne You are very lightly contaminated with residual magic.
As you read the scroll of blinking, it crumbles to dust.
You feel sick.
Your deep troll bites the wolf spider.
Your deep troll barely misses the wolf spider.
Your deep troll completely misses the wolf spider.
The jumping spider leaps!
The wolf spider hits your deep troll.
The wolf spider completely misses your deep troll.
Arachne casts a spell at you. The poison arrow hits you!
You are more poisoned.
You partially resist.
You die...

............. #..
#.[.).s§## ......
#..Hss...# .#......
#...T.#..#
##..##^....###..†...####
#.#..#.....#.##......[..
#... ......^.^.....##...
##..#...#>.......#.## .
##...#.........s@.###
#...........##.####
....<...........#
##.............## ###
#.............###..##
#....................
##..#......#...^.....#
#.....#....#..........
........#†.#..........


You could see Arachne, 3 wolf spiders, a jumping spider and a friendly deep
troll (berserk).

Vanquished Creatures
  Asterion (Spider:1)
  An emperor scorpion (Spider:2)
  An entropy weaver (Spider:1)
  Nessos (Lair:5)
  Snorg (Lair:6)
  A minotaur (Lab)
  A merfolk avatar (Lair:6)
  A two-headed ogre (D:10)
  6 death yaks (Lair:6)
  The ghost of sagitran the Chiller, a novice DrIE of Sif Muna (D:8)
  A harpy (Lair:6)
  7 orb spiders
  12 wolf spiders
  3 black mambas
  2 manticores
  3 elephants (Lair:6)
  Maurice (Orc:1)
  A torpor snail (Lair:6)
  4 rime drakes (Lair:6)
  4 spiny frogs
  7 komodo dragons
  3 demonic crawlers (Spider:1)
  4 polar bears (Lair:6)
  2 trolls (Orc:1)
  22 jumping spiders (Spider:1)
  3 hornets
  A wind drake (Lair:6)
  11 blink frogs
  4 hippogriffs
  4 dream sheep (Lair:6)
  31 redbacks
  2 shadows (Lab)
  11 tarantellas
  A wyvern (Lair:6)
  Sigmund (D:6)
  13 yaks
  A hungry ghost (D:6)
  A basilisk (Lair:4)
  Eustachio (D:6)
  Edmund (D:4)
  7 wargs
  Menkaure (D:4)
  A soldier ant (D:5)
  Duvessa (D:7)
  10 water moccasins
  A hornet zombie (D:8)
  6 porcupines
  2 ice beasts
  2 sky beasts
  6 orc warriors
  2 black bears
  8 wolves
  6 ogres
  3 necrophages
  7 centaurs
  10 crocodiles
  10 bullfrogs
  Blork the orc (D:5)
  A wyvern zombie (D:10)
  Dowan (D:7)
  A water moccasin zombie (D:11)
  3 scorpions
  2 electric eels
  2 howler monkeys
  7 wights
  4 crimson imps
  5 jellies
  A quasit (D:9)
  5 hounds
  5 orc priests
  Crazy Yiuf (D:2)
  7 orc wizards
  An iguana (D:7)
  Ijyb (D:5)
  A centaur skeleton (D:4)
  15 worker ants
  A killer bee zombie (D:7)
  A hound zombie (D:8)
  A howler monkey zombie (D:8)
  2 worker ant zombies
  8 gnolls
  A howler monkey skeleton (D:4)
  13 adders
  3 shadow imps
  An ooze (Lair:6)
  A dart slug (D:2)
  8 leopard geckos
  52 orcs
  2 ball pythons (D:1)
  9 giant cockroaches
  14 goblins
  4 hobgoblins
  3 jackals
  4 quokkas
  11 bats
  3 frilled lizards
  6 kobolds
  A leopard gecko zombie (D:7)
  A quokka skeleton (D:4)
  7 rats
  A butterfly (D:5)
  4 fungi (Lair:6)
  4 plants (Lair:6)
490 creatures vanquished.

Vanquished Creatures (collateral kills)
  Gastronok (Lair:3)
  The ghost of oplop the Unseen, a journeyman SpEn of Wu Jian (Lair:6)
  2 hydras
  A catoblepas (Lair:6)
  4 death yaks (Lair:6)
  A wolf spider (Spider:2)
  An elephant (Lair:6)
  A gargoyle (D:10)
  A komodo dragon (Lair:5)
  A demonic crawler (Spider:1)
  3 jumping spiders
  2 tarantellas
  A water moccasin (Lair:6)
  A sky beast (D:10)
  2 wolves (Lair:3)
  3 jellies (Lair:6)
26 creatures vanquished.

Vanquished Creatures (others)
  An orb spider (Spider:1)
  An orc wizard (Orc:1)
  5 fungi
  7 plants
14 creatures vanquished.

Grand Total: 530 creatures vanquished

Notes
Turn   | Place    | Note
-------+----------+-------------------------------------------
     0 | D:1      | Jakanory the Minotaur Berserker began the quest for the Orb.
     0 | D:1      | Reached XP level 1. HP: 19/19 MP: 0/0
   148 | D:1      | Reached skill level 4 in Axes
   166 | D:1      | Reached XP level 2. HP: 27/27 MP: 1/1
   685 | D:2      | Reached XP level 3. HP: 32/34 MP: 2/2
   789 | D:2      | Reached ** piety under Trog
   841 | D:2      | Found a shattered altar of Ashenzari.
   911 | D:2      | Found a snail-covered altar of Cheibriados.
   992 | D:2      | Found a runed door.
   997 | D:2      | Noticed Crazy Yiuf
  1001 | D:2      | Killed Crazy Yiuf
  1001 | D:2      | Reached skill level 5 in Fighting
  1001 | D:2      | Reached skill level 5 in Axes
  1001 | D:2      | Reached XP level 4. HP: 42/42 MP: 3/3
  1148 | D:2      | Found a white marble altar of Elyvilon.
  1154 | D:2      | Found an ancient bone altar of Kikubaaqudgha.
  1823 | D:3      | Found a glowing silver altar of Zin.
  1872 | D:3      | Reached XP level 5. HP: 49/49 MP: 4/4
  2244 | D:4      | Noticed Menkaure
  2247 | D:4      | Noticed an ogre
  2553 | D:4      | Reached skill level 1 in Unarmed Combat
  2557 | D:4      | Reached skill level 6 in Axes
  2561 | D:4      | Reached XP level 6. HP: 57/57 MP: 5/5
  2642 | D:4      | Reached *** piety under Trog
  2696 | D:4      | Noticed Edmund
  2707 | D:4      | Killed Edmund
  2707 | D:4      | Reached skill level 7 in Axes
  2866 | D:5      | Entered Level 5 of the Dungeon
  2895 | D:5      | Reached XP level 7. HP: 63/63 MP: 6/6
  2978 | D:5      | Noticed Blork the orc
  2984 | D:5      | Killed Blork the orc
  2984 | D:5      | Reached skill level 8 in Axes
  3046 | D:5      | Found a staircase to the Ecumenical Temple.
  3060 | Temple   | Entered the Ecumenical Temple
  3237 | D:5      | Found a runed door.
  3239 | D:5      | Found a runed door.
  3260 | D:5      | Reached skill level 9 in Axes
  3466 | D:5      | Got a warped hand axe
  3470 | D:5      | Identified the +3 hand axe of the King {chop, +Rage Str+4 Int+3 Stlth-} (You found it on level 5 of the Dungeon)
  3528 | D:5      | Reached skill level 10 in Axes
  3528 | D:5      | Reached XP level 8. HP: 53/70 MP: 7/7
  3925 | D:5      | Noticed Ijyb
  3933 | D:5      | Killed Ijyb
  4105 | D:4      | Killed Menkaure
  4105 | D:4      | Reached skill level 5 in Armour
  4569 | D:6      | Reached skill level 11 in Axes
  4616 | D:6      | Noticed a manticore
  4636 | D:6      | Killed a manticore
  4636 | D:6      | Reached XP level 9. HP: 75/75 MP: 8/8
  4636 | D:6      | Reached **** piety under Trog
  4758 | D:6      | Noticed Eustachio
  4779 | D:6      | Killed Eustachio
  4779 | D:6      | Reached skill level 12 in Axes
  5065 | D:6      | Noticed Sigmund
  5071 | D:6      | Killed Sigmund
  5150 | D:6      | Found Mipn's Antique Armour Shop.
  5837 | D:7      | Found a shadowy altar of Dithmenos.
  6024 | D:7      | Noticed Duvessa
  6026 | D:7      | Noticed Dowan
  6031 | D:7      | Killed Duvessa
  6038 | D:7      | Killed Dowan
  6279 | D:8      | Reached skill level 13 in Axes
  6492 | D:8      | Noticed sagitran's ghost (novice DrIE)
  6505 | D:9      | Found a staircase to the Lair.
  6515 | D:9      | Reached XP level 10. HP: 82/86 MP: 9/9
  6564 | D:9      | Reached ***** piety under Trog
  6643 | D:9      | Found a sparkling altar of Nemelex Xobeh.
  6791 | D:9      | Found a staircase to the Orcish Mines.
  8350 | D:8      | Reached skill level 14 in Axes
  8426 | D:10     | Entered Level 10 of the Dungeon
  8473 | D:10     | Noticed a gargoyle
  8480 | D:10     | Killed a gargoyle
  8494 | D:10     | Noticed a two-headed ogre
  8498 | D:10     | Killed a two-headed ogre
  8922 | D:11     | Reached skill level 10 in Fighting
  8983 | D:11     | Noticed a manticore
  8990 | D:11     | Killed a manticore
  8990 | D:11     | Reached skill level 1 in Evocations
 10489 | Lair:1   | Entered Level 1 of the Lair of Beasts
 10517 | Lair:1   | Reached XP level 11. HP: 100/101 MP: 11/11
 11074 | Lair:1   | Noticed a fire dragon
 11167 | D:12     | Noticed HungrySpirit's ghost (journeyman GrWn)
 11247 | Orc:1    | Entered Level 1 of the Orcish Mines
 11262 | Orc:1    | Reached skill level 15 in Axes
 11502 | Orc:1    | Noticed Maurice
 11511 | Orc:1    | Killed Maurice
 11848 | Orc:2    | Entered Level 2 of the Orcish Mines
 11854 | Orc:2    | Noticed an orc knight
 12058 | Lair:2   | Reached skill level 16 in Axes
 12318 | Lair:2   | Noticed a seven-headed hydra
 12381 | D:8      | Killed sagitran's ghost
 12462 | D:6      | Bought a heavily runed plate armour for 840 gold pieces
 12472 | D:6      | Identified the +4 plate armour of Watchfulness {Dex+5} (You bought it in a shop on level 6 of the Dungeon)
 13008 | Lair:2   | Found a hole to the Spider Nest.
 13056 | Lair:2   | Killed a nine-headed hydra
 13056 | Lair:2   | Reached skill level 10 in Armour
 13542 | Lair:3   | Noticed Gastronok
 13547 | Lair:3   | Killed Gastronok
 13547 | Lair:3   | Reached skill level 5 in Dodging
 13547 | Lair:3   | Reached XP level 12. HP: 110/110 MP: 12/12
 13566 | Lair:3   | Found a labyrinth entrance.
 13588 | Lair:3   | Received a gift from Trog
 13591 | Lab      | Entered a labyrinth
 13925 | Lab      | Noticed a minotaur
 13931 | Lab      | Killed a minotaur
 13936 | Lab      | Found the +4 dagger "Morg" {pain, MR+ Int+5}
 13937 | Lab      | Got a brightly glowing hunting sling
 14263 | Lair:4   | Found a staircase to the Swamp.
 14944 | Lair:5   | Noticed a seven-headed hydra
 14948 | Lair:5   | Killed a seven-headed hydra
 14948 | Lair:5   | Reached skill level 17 in Axes
 15105 | Lair:5   | Noticed Nessos
 15127 | Lair:5   | Killed Nessos
 15173 | Lair:5   | Found a blossoming altar of Fedhas.
 15246 | Lair:5   | Found an iron altar of Okawaru.
 15742 | Lair:6   | Entered Level 6 of the Lair of Beasts
 15742 | Lair:6   | Noticed Snorg
 15749 | Lair:6   | Noticed a catoblepas
 15751 | Lair:6   | Killed Snorg
 15796 | Lair:6   | Reached skill level 18 in Axes
 15842 | Lair:6   | Noticed a death yak
 15843 | Lair:6   | Noticed a death yak
 15843 | Lair:6   | Noticed a death yak
 15844 | Lair:6   | Noticed a death yak
 15853 | Lair:6   | Noticed a death yak
 15857 | Lair:6   | Noticed a death yak
 15860 | Lair:6   | Killed a death yak
 15875 | Lair:6   | Killed a death yak
 15881 | Lair:6   | Killed a death yak
 15882 | Lair:6   | Killed a death yak
 15882 | Lair:6   | Reached XP level 13. HP: 117/117 MP: 14/14
 16165 | Lair:6   | Noticed oplop's ghost (journeyman SpEn)
 16192 | Lair:6   | Killed oplop's ghost
 16353 | Lair:6   | Got a vibrating jade ring
 16481 | Lair:6   | Found a hide-covered altar of Uskayaw.
 16491 | Lair:6   | Reached skill level 15 in Fighting
 16521 | Lair:6   | Found a runed door.
 16521 | Lair:6   | Found a viscous altar of Jiyva.
 16521 | Lair:6   | Found a staircase to the Slime Pits.
 16967 | Swamp:1  | Entered Level 1 of the Swamp
 16967 | Swamp:1  | Noticed a thorn hunter
 17051 | Spider:1 | Entered Level 1 of the Spider Nest
 17202 | Spider:1 | Noticed Asterion
 17215 | Spider:1 | Killed Asterion
 17215 | Spider:1 | Received a gift from Trog
 17215 | Spider:1 | Reached XP level 14. HP: 135/135 MP: 15/15
 17225 | Spider:1 | Noticed an entropy weaver
 17231 | Spider:1 | Killed an entropy weaver
 17231 | Spider:1 | Reached skill level 1 in Throwing
 17290 | Spider:1 | Reached skill level 1 in Shields
 17373 | Spider:1 | Reached skill level 5 in Shields
 17799 | Spider:2 | Reached ****** piety under Trog
 17800 | Spider:2 | Noticed an emperor scorpion
 17816 | Spider:2 | Killed an emperor scorpion
 17816 | Spider:2 | Reached skill level 10 in Shields
 17848 | Spider:2 | Noticed Arachne
 17883 | Spider:2 | Received a gift from Trog
 17885 | Spider:2 | Killed from afar by Arachne

Skill      XL: |  1  2  3  4  5  6  7  8  9 10 11 12 13 14 |
---------------+-------------------------------------------+-----
Fighting       | 4 5 6 7 10 11 15 | 15.0
Axes           | 4 5 6 7 10 11 13 14 16 18 | 18.0
Unarmed Combat | 1 2 |  2.7
Armour         | 3 6 9 10 11 13 | 13.5
Evocations     | 1 2 3 |  3.2
Dodging        | 5 7 8 |  8.0
Throwing       | 1 |  1.3
Shields        | 10 | 10.4

Action                   |  1- 3 |  4- 6 |  7- 9 | 10-12 | 13-15 || total
-------------------------+-------+-------+-------+-------+-------++-------
Melee: Hand axe          |    61 |   108 |   162 |       |       ||   331
       Headbutt          |    12 |    14 |    56 |   133 |   107 ||   322
       War axe           |       |    16 |    78 |   457 |       ||   551
       Punch             |       |     1 |     2 |     2 |     3 ||     8
       Broad axe         |       |       |       |   111 |   377 ||   488
Invok: Berserk           |     1 |     3 |     9 |     7 |     1 ||    21
       Trog's Hand       |       |       |     3 |     3 |     4 ||    10
       Brothers in Arms  |       |       |       |     7 |     5 ||    12
       Burn Spellbooks   |       |       |       |     3 |     1 ||     4
Evoke: Wand              |       |       |       |    24 |    13 ||    37
       Lamp of fire      |       |       |       |     1 |       ||     1
  Use: Scroll            |       |     7 |     2 |    10 |     1 ||    20
       Potion            |       |       |     3 |     4 |     7 ||    14
 Stab: Paralysed         |       |       |       |     1 |       ||     1
       Petrified         |       |       |       |       |     6 ||     6
       Distracted        |       |       |       |       |     1 ||     1
  Eat: Chunk             |       |    10 |    17 |    26 |     7 ||    60
       Ration            |       |       |     2 |     5 |     1 ||     8
Armor: Ring mail         |    21 |    50 |       |       |       ||    71
       Plate armour      |       |     2 |   123 |   278 |   362 ||   765
Dodge: Dodged            |    33 |    73 |    68 |   224 |   214 ||   612
Block: Shield            |       |       |       |       |   126 ||   126
